 Dungeon Crawl Stone Soup version 0.18.1-6-gd335043 (webtiles) character file.

651 VnlS the Skirmisher (level 7, 0/64 HPs)
             Began as a Minotaur Berserker on May 17, 2016.
             Was an Elder of Trog.
             Slain by an orc wizard
             ... wielding a +0 dagger
              (3 damage)
             ... on level 7 of the Dungeon.
             The game lasted 00:22:36 (3594 turns).

VnlS the Skirmisher (Minotaur Berserker)            Turns: 3594, Time: 00:22:36

Health: 0/64       AC:  3    Str: 23    XL:     7   Next: 28%
Magic:  6/6        EV: 13    Int:  4    God:    Trog [****..]
Gold:   155        SH:  0    Dex: 10    Spells: 0 memorised, 6 levels left

rFire  . . .     SeeInvis .     a - +0 hand axe
rCold  . . .     Gourm    .     l - troll hide
rNeg   . . .     Faith    .     (no shield)
rPois  .         Spirit   .     (helmet restricted)
rElec  .         Dismiss  .     z - +0 cloak
rCorr  .         Reflect  .     (no gloves)
SustAt .         Harm     .     (no boots)
MR     .....                    (no amulet)
Stlth  +.........               (no ring)
                                (no ring)

@: not resistant to hostile enchantments, very unstealthy
A: retaliatory headbutt, horns 2
a: Berserk, Trog's Hand, Brothers in Arms, Burn Spellbooks, Renounce Religion


You were on level 7 of the Dungeon.
You worshipped Trog.
Trog was greatly pleased with you.
You were very hungry.

You visited 1 branch of the dungeon, and saw 6 of its levels.

You collected 155 gold pieces.

Inventory:

Hand Weapons
 a - a +0 hand axe (weapon)
 p - a +5 club
Armour
 b - a +0 animal skin
 l - a troll hide (worn)
 u - a +0 cloak
 z - a +0 cloak (worn)
Jewellery
 m - an uncursed amulet of harm {unknown}
 n - an uncursed ring of positive energy {unknown}
 y - an uncursed ring of flight {unknown}
Scrolls
 d - 4 scrolls of identify {unknown}
 e - 3 scrolls of random uselessness {unknown}
 f - 3 scrolls of enchant weapon {unknown}
 g - 4 scrolls of remove curse {unknown}
 h - a scroll of fog {unknown}
 i - a scroll of immolation {unknown}
 j - 3 scrolls of teleportation {unknown}
 t - a scroll of fear {unknown}
Potions
 c - a potion of cancellation {unknown}
 k - 6 potions of heal wounds {unknown}
 o - a potion of degeneration {unknown}
 q - 3 potions of mutation {unknown}
 w - a potion of haste {unknown}
 x - a potion of ambrosia {unknown}
Comestibles
 r - 5 bread rations
 s - 2 meat rations
 v - 4 fruits
 A - 2 slices of pizza


   Skills:
 + Level 6.4 Fighting
 + Level 6.1 Axes
 + Level 3.8 Armour
 + Level 5.0 Dodging
 - Level 0.8 Stealth


You had 6 spell levels left.
You didn't know any spells.

Dungeon Overview and Level Annotations

Branches:
Dungeon (7/15)
 Temple: D:4-7

Altars:
Ashenzari
Dithmenos
Fedhas
Gozag
Kikubaaqudgha
Nemelex Xobeh
Pakellas
Sif Muna
Trog
Yredelemnul
Zin
The Shining One

Shops:
D:4 }:(

Annotations:
D:4 exclusion: oklob plant
D:6 Gagarin's ghost, novice MiGl


Innate Abilities, Weirdness & Mutations

You reflexively headbutt those who attack you in melee.
You have a pair of horns on your head.


Message History

The orc warrior hits you with a dire flail!
* * * LOW HITPOINT WARNING * * *
Something hits you but does no damage.
You are too injured to fight recklessly!
You hit the orc warrior but do no damage.
The orc warrior is almost dead.
You hit something. Something hits you.
* * * LOW HITPOINT WARNING * * *
The orc warrior misses you.
You hit the orc warrior.
You kill the orc warrior!
Trog accepts your kill.
Your Dodging skill increases to level 5!
You miss something.
You hear some strange, mumbled words.
A magic dart appears from out of thin air!
The magic dart hits you!
* * * LOW HITPOINT WARNING * * *
Something hits you.
You die...

#..........
#..........
#.........#
#.........>
#.........#
#.........#
#..........
##.<.# #@)###
#{##
#....o5.......
#........#####
#.......##
#.......#
#.......#
#########


You could see a shadow imp and an orc.

Vanquished Creatures
  An orc warrior (D:7)
  A centaur (D:6)
  A scorpion (D:4)
  A water moccasin skeleton (D:4)
  2 orc wizards (D:3)
  Jessica (D:2)
  Ijyb (D:2)
  Terence (D:3)
  Natasha (D:2)
  2 worker ants (D:4)
  4 adders
  An ooze (D:2)
  An adder skeleton (D:4)
  4 worms
  3 dart slugs
  A giant gecko (D:2)
  12 orcs
  3 giant cockroaches
  18 hobgoblins
  4 jackals (D:3)
  A ball python (D:3)
  10 bats
  4 giant newts
  13 goblins
  13 kobolds
  A quokka skeleton (D:4)
  13 rats
118 creatures vanquished.

Notes
Turn   | Place    | Note
--------------------------------------------------------------
     0 | D:1      | VnlS the Minotaur Berserker began the quest for the Orb.
     0 | D:1      | Reached XP level 1. HP: 19/19 MP: 0/0
    81 | D:1      | You fall through a shaft!
    86 | D:2      | Found a deep blue altar of Sif Muna.
    89 | D:2      | Reached XP level 2. HP: 19/27 MP: 1/1
   460 | D:2      | Noticed Jessica
   465 | D:2      | Killed Jessica
   465 | D:2      | Reached XP level 3. HP: 33/34 MP: 2/2
   510 | D:2      | Found a shattered altar of Ashenzari.
   512 | D:2      | Found a sparkling altar of Nemelex Xobeh.
   512 | D:2      | Found an opulent altar of Gozag.
   512 | D:2      | Found a basalt altar of Yredelemnul.
   514 | D:2      | Found an ancient bone altar of Kikubaaqudgha.
   515 | D:2      | Found a shadowy altar of Dithmenos.
   646 | D:2      | Reached XP level 4. HP: 41/41 MP: 3/3
   867 | D:1      | Reached ** piety under Trog
  1414 | D:2      | Noticed Ijyb
  1433 | D:2      | Killed Ijyb
  1433 | D:2      | Reached skill level 5 in Axes
  1498 | D:2      | Found a glowing golden altar of the Shining One.
  1545 | D:2      | Found a glowing silver altar of Zin.
  1732 | D:2      | Noticed Natasha
  1741 | D:2      | Killed Natasha
  1741 | D:2      | Reached skill level 5 in Fighting
  1741 | D:2      | Reached XP level 5. HP: 34/48 MP: 4/4
  1925 | D:3      | Found an oddly glowing altar of Pakellas.
  2103 | D:3      | Reached *** piety under Trog
  2121 | D:3      | Noticed Terence
  2126 | D:3      | Killed Terence
  2126 | D:3      | Reached XP level 6. HP: 33/56 MP: 5/5
  2589 | D:3      | Reached **** piety under Trog
  2936 | D:4      | Found Aquozet's Gadget Shop.
  3012 | D:4      | Noticed a moth of wrath
  3014 | D:4      | Found a bloodstained altar of Trog.
  3232 | D:4      | Found Cothruk's Book Boutique.
  3281 | D:4      | Found Pofuskei's Antique Weapon Shoppe.
  3308 | D:4      | Found a blossoming altar of Fedhas.
  3330 | D:4      | Noticed an oklob plant
  3457 | D:4      | You fall through a shaft for 2 floors!
  3472 | D:6      | Noticed Gagarin's ghost (novice MiGl)
  3478 | D:6      | Reached XP level 7. HP: 22/63 MP: 6/6
  3479 | D:6      | HP: 3/63 [Gagarin's ghost (20)]
  3594 | D:7      | Reached skill level 5 in Dodging
  3594 | D:7      | HP: 3/64 [something/magic dart (4)]
  3594 | D:7      | Slain by an orc wizard

Skill      XL: |  1  2  3  4  5  6  7 |
---------------+----------------------+-----
Fighting       | 4 5 6 |  6.4
Axes           | 4 5 6 |  6.1
Armour         | 3 |  3.8
Dodging        | 3 4 5 |  5.0
Stealth        | |  0.8

Action                   |  1- 3 |  4- 6 |  7- 9 || total
-------------------------+-------+-------+-------++-------
Melee: Hand axe          |    30 |   213 |    12 ||   255
       Headbutt          |     3 |    33 |     2 ||    38
Invok: Berserk           |       |     2 |       ||     2
 Stab: Sleeping          |     1 |     1 |       ||     2
  Eat: Bread ration      |       |     1 |       ||     1
       Beef jerky        |       |     2 |       ||     2
       Chunk             |       |     2 |       ||     2
Armor: Animal skin       |     5 |    15 |       ||    20
       Troll hide        |       |    20 |     1 ||    21
Dodge: Dodged            |    19 |   138 |     4 ||   161
